 Dungeon Crawl Stone Soup version 0.30-a0-743-gbfdf073431 (webtiles) character file.

Game seed: 11798726052195692203

132 lunkers the Slasher (level 5, -2/45 HPs)
             Began as a Meteoran Fighter on Feb 6, 2023.
             Was a Believer of Lugonu.
             Slain by a worm (6 damage)
             ... on level 3 of the Dungeon.
             The game lasted 00:03:42 (1085 turns).

lunkers the Slasher (Meteoran Fighter)              Turns: 1085, Time: 00:03:43

Health: -2/45      AC:  5    Str: 17    XL:     5   Next: 66%
Magic:  6/6        EV: 10    Int: 10    God:    Lugonu [**....]
Gold:   67         SH:  5    Dex: 15    Spells: 4/4 levels left

rFire   + . .      SeeInvis .    q - +0 rapier
rCold   . . .      Faith    .    c - +0 buckler
rNeg    . . .      Spirit   .    p - +0 ring mail
rPois   .          Reflect  .    (no helmet)
rElec   .          Harm     .    (no cloak)
rCorr   .          Rampage  .    (no gloves)
Will    .....                    (no boots)
Stlth   +                        (no amulet)
HPRegen 0.27/turn                i - ring of protection from fire
MPRegen 0.10/turn                (no ring)

@: glowing
A: sense surroundings 1, otherworldly, glowing, explore regen
a: Renounce Religion, Depart the Abyss, Banish


You were on level 3 of the Dungeon.
You worshipped Lugonu.
Lugonu was pleased with you.
You visited 1 branch of the dungeon, and saw 3 of its levels.

You collected 67 gold pieces.

Inventory:

Hand Weapons
 a - a +0 long sword
 m - the +5 trident of Afien {heavy, rF+ Will++ MP+9}
   (You found it on level 2 of the Dungeon)

   rF:        It protects you from fire.
   MP:        It affects your magic capacity (+9).
   Will:      It greatly increases your willpower.
 q - a +0 rapier (weapon)
Armour
 b - a +0 scale mail
 c - a +0 buckler (worn)
 p - a +0 ring mail (worn)
Jewellery
 i - a ring of protection from fire (left hand)
Scrolls
 e - a scroll of magic mapping {unknown}
 k - a scroll of identify {unknown}
 n - 2 scrolls of torment {unknown}
 o - a scroll of amnesia {unknown}
Potions
 d - a potion of might
 h - a potion of curing {unknown}
 j - a potion of haste
 l - a potion of cancellation {unknown}


   Skills:
 - Level 3.2 Fighting
 * Level 1.8(3.8) Short Blades
 - Level 5.7(6.0) Long Blades
 - Level 3.6 Armour
 - Level 3.6 Shields


You had 4 spell levels left.
You didn't know any spells.
Your spell library contained the following spells:

 Spells                   Type           Power      Damage    Failure   Level
 Apportation              Tloc           0%         N/A       65%         1
 Freeze                   Ice            0%         1d3       65%         1
 Necrotise                Necr           0%         1d4       65%         1
 Frozen Ramparts          Ice            0%         1d1       95%         3
 Hailstorm                Conj/Ice       0%         3d3       95%         3
 Ignite Poison            Fire/Tmut/Pois 0%         N/A       95%         3
 Kindle Blastsparks       Fire/Tloc/Air  0%         2d10      95%         3
 Vampiric Draining        Necr           0%         2d6       95%         3
 Agony                    Necr           0%         N/A       100%        5
 Alistair's Intoxication  Tmut/Pois      0%         N/A       100%        5
 Freezing Cloud           Conj/Ice/Air   0%         6-21      100%        5


Dungeon Overview and Level Annotations

Branches:
Dungeon (3/15) Zot: 677

Altars:
Lugonu


Innate Abilities, Weirdness & Mutations

You passively map a small area around you.
You are easily found by Zot.
You glow in the dark.
You regain HP and MP as you explore.


Message History

You hit the orc.
You kill the orc!
Lugonu accepts your kill.
A worm comes into view.
Found a stone staircase leading down.
The worm moves out of view.
Items here: )))) [[ †††.
Found a golden potion.
Items here: )))) [[ †††.
Hit: q) +0 rapier
Press: ? - help, Dir - move target, f - you
Okay, then.
You hit the worm.
The worm is lightly wounded.
You hit the worm.
The worm is lightly wounded.
The worm closely misses you.
You hit the worm.
The worm is lightly wounded.
The worm bites you but does no damage.
You hit the worm.
The worm is lightly wounded.
You hit the worm.
The worm is moderately wounded.
The worm bites you.
* * * LOW HITPOINT WARNING * * *
You hit the worm.
The worm is severely wounded.
The worm bites you.
* * * LOW HITPOINT WARNING * * *
You hit the worm.
The worm is severely wounded.
You barely miss the worm.
The worm is severely wounded.
You block the worm's attack.
You hit the worm but do no damage.
The worm is severely wounded.
You hit the worm.
The worm is almost dead.
The worm bites you.
You die...

.#* * .# , !# ,
*.# *.#####
###########.....#
#........)w...#
#w#########.#.....
#@# ... .>. #.#
####* . #.# #.#
#.# ### #.# ##.##
#.###.#.##
#....###.#
#####.#.##


You could see a worm.

Vanquished Creatures
  2 orc wizards
  3 worms (D:2)
  2 dart slugs
  9 orcs
  8 endoplasms
  2 giant cockroaches
  3 goblins
  6 hobgoblins
  3 kobolds
  4 quokkas
  4 ball pythons
  4 bats
  3 frilled lizards
  5 rats
58 creatures vanquished.

Notes
Turn   | Place    | Note
-------+----------+-------------------------------------------
     0 | D:1      | lunkers the Meteoran Fighter began the quest for the Orb.
     0 | D:1      | Reached XP level 1. HP: 19/19 MP: 2/2
    40 | D:1      | Reached skill level 3 in Long Blades
    40 | D:1      | Reached XP level 2. HP: 26/26 MP: 3/3
   176 | D:1      | Reached XP level 3. HP: 31/31 MP: 4/4
   223 | D:1      | Reached skill level 4 in Long Blades
   276 | D:2      | Found a faded altar of an unknown god.
   298 | D:2      | Prayed at the altar of an unknown god.
   298 | D:2      | Became a worshipper of Lugonu the Unformed
   298 | D:2      | Reached * piety under Lugonu
   370 | D:2      | Reached XP level 4. HP: 34/38 MP: 5/5
   484 | D:2      | Identified the +5 trident of Afien {heavy, rF+ Will++ MP+9}
   540 | D:2      | Reached skill level 5 in Long Blades
   654 | D:2      | Reached XP level 5. HP: 25/45 MP: 6/6
  1044 | D:3      | HP: 1/45 [something (4)]
  1046 | D:3      | Reached ** piety under Lugonu
  1047 | D:3      | Reached skill level 1 in Short Blades
  1050 | D:3      | HP: 1/45 [orc/+0 mace (2)]
  1085 | D:3      | Slain by a worm

Illustrated notes

Levels and vault maps discovered:
D:1:      minmay_arrival_shattered_statue, layout_basic, minmay_misc_feat_rows
D:2:      layout_rooms, basic_ecumenical_altar
D:3:      layout_loops_ring, chequers_temple_overflow_statue_of_worship,
          nicolae_overflow_crystal_walls, ebering_dispersal_statue_hall,
          minmay_misc_feat_nine_boxes

Skill      XL: |  1  2  3  4  5 |
---------------+----------------+-----
Long Blades    | 3 4 5 |  5.7
Short Blades   | 1 |  1.8
Fighting       | |  3.2
Armour         | |  3.6
Shields        | |  3.6

Action                     |  1- 3 |  4- 6 || total
---------------------------+-------+-------++-------
  Melee: Long sword        |    87 |    66 ||   153
         Rapier            |       |    54 ||    54
    Use: Potion            |       |     3 ||     3
 Armour: Scale mail        |    34 |    29 ||    63
         Ring mail         |       |    16 ||    16
  Dodge: Dodged            |    30 |    25 ||    55
  Block: Buckler           |    30 |    11 ||    41

Table legend: (Time is in decaauts)
 A = Elapsed time spent in this place.
 B = Non-inter-level travel time spent in this place.
 C = Inter-level travel time spent in this place.
 D = Time resting spent in this place.
 E = Time spent auto-exploring this place.
 F = Levels seen in this place.
 G = Mean time per level.
                   A        B        C        D        E       F      G
               +--------+--------+--------+--------+--------+-----+--------+
         Total |   1121 |   1096 |     25 |      0 |    640 |   3 |  373.7 |
       Dungeon |   1121 |   1096 |     25 |      0 |    640 |   3 |  373.7 |
               +--------+--------+--------+--------+--------+-----+--------+

Top non-repeatable levels by time:
     D:2: 577 daAuts
     D:3: 293 daAuts
     D:1: 250 daAuts
